AoeStats
← hdf

Golden Pit

509849799Analyzed
1v1 RM · 4d ago on Sep 28, 2026· 26m 48s· 2 players
Game mode
Random Map
Map size
Tiny (2 player)
Population
200
Speed
Normal
Resources
Standard
Victory
Conquest
Starting age
Dark Age
Ending age
Imperial Age
RankedLock teamsTeams togetherTeam positionsShared explorationLock speedFull tech treeHidden civsTurbo modeCheats
Victory
Defeat
🇩🇪 Varangians · Germany
952
+17
🇹🇼 Saxons · Taiwan
983
-17
hdf
9:18 Loom
11:19 Feudal Age
12:59 Double-Bit Axe
16:08 Castle Age
17:02 Forging
17:05 Horse Collar
18:23 Scale Mail Armor
26:45 Chain Mail Armor
QW9053042
1:59 Loom
10:26 Feudal Age
11:48 Double-Bit Axe
17:55 Castle Age
21:08 Fortified Wall
22:41 Scale Mail Armor
25:34 Murder Holes
Connection lost

Rejoining the realm…

Still unreachable

The connection could not be restored.

Session expired

The server has moved on; the page needs a fresh start.